 Dungeon Crawl Stone Soup version 0.30-a0-373-gd37427bb62 (webtiles) character file.

Game seed: 12438779024176515585

164 epen the Gusty (level 5, -2/36 (37) HPs)
             Began as a Gnoll Air Elementalist on Nov 23, 2022.
             Slain by an orc priest
             ... wielding a +0 flail
              (5 damage)
             ... on level 5 of the Dungeon.
             The game lasted 00:04:05 (2773 turns).

epen the Gusty (Gnoll Air Elementalist)             Turns: 2773, Time: 00:04:06

HP:   -2/36 (37)    AC:  2    Str:  8    XL:     5   Next: 45%
MP:   6/12          EV: 14    Int: 14    God:
Gold: 117           SH:  0    Dex: 14    Spells: 11/14 levels left

rFire   . . .      SeeInvis .    j - +5 dagger
rCold   + . .      Faith    .    (no shield)
rNeg    . . .      Spirit   .    m - +0 robe {rC+}
rPois   .          Reflect  .    (no helmet)
rElec   .          Harm     .    (no cloak)
rCorr   +          Rampage  .    (no gloves)
Will    +....                    (no boots)
Stlth   +++.......               (no amulet)
HPRegen 0.26/turn                d - ring of resist corrosion
MPRegen 0.13/turn                s - ring of willpower

@: mighty, lightly drained
A: fangs 1, strong nose, distributed training
a: no special abilities


You were on level 5 of the Dungeon.
You visited 1 branch of the dungeon, and saw 5 of its levels.

You collected 117 gold pieces.

Inventory:

Hand Weapons
 j - a +5 dagger (weapon)
Armour
 a - a +0 robe
 m - a +0 robe of cold resistance (worn)
Jewellery
 d - a ring of resist corrosion (left hand)
 s - a ring of willpower (right hand)
Scrolls
 e - 4 scrolls of fog {unknown}
 f - a scroll of fear {unknown}
 h - a scroll of amnesia {unknown}
 i - a scroll of poison {unknown}
 l - 3 scrolls of identify {unknown}
 r - a scroll of blinking {unknown}
 u - 2 scrolls of teleportation {unknown}
Potions
 b - a potion of magic
 c - 3 potions of might
 g - 2 potions of ambrosia {unknown}
 k - a potion of brilliance {unknown}
 n - a potion of heal wounds {unknown}
 o - 3 potions of cancellation {unknown}
 p - a potion of berserk rage {unknown}
 q - a potion of haste {unknown}
 t - a potion of degeneration {unknown}


   Skills:
 + Level 1.6 Fighting
 + Level 1.6 Short Blades
 + Level 1.6 Long Blades
 + Level 1.6 Axes
 + Level 1.6 Maces & Flails
 + Level 1.6 Polearms
 + Level 1.6 Staves
 + Level 1.6 Ranged Weapons
 + Level 1.6 Throwing
 + Level 1.6 Armour
 + Level 4.8 Dodging
 + Level 4.4 Stealth
 + Level 1.6 Shields
 + Level 1.6 Unarmed Combat
 + Level 5.2 Spellcasting
 + Level 2.4 Conjurations
 + Level 1.2 Hexes
 + Level 1.2 Summonings
 + Level 1.2 Necromancy
 + Level 1.2 Translocations
 + Level 1.2 Transmutations
 + Level 1.2 Fire Magic
 + Level 1.2 Ice Magic
 + Level 5.5 Air Magic
 + Level 1.2 Earth Magic
 + Level 1.2 Poison Magic
 + Level 1.8 Invocations
 + Level 1.6 Evocations


You had 11 spell levels left.
You knew the following spells:

 Your Spells              Type           Power      Damage    Failure   Level
a - Shock                 Conj/Air       56%        1d6       3%          1
b - Static Discharge      Conj/Air       28%        2-4/arc   4%          2

Your spell library contained the following spells:

 Spells                   Type           Power      Damage    Failure   Level
 Swiftness                Air            19%        N/A       5%          3
 Apportation              Tloc           14%        N/A       10%         1
 Necrotise                Necr           28%        1d5       10%         1
 Summon Small Mammal      Summ           28%        N/A       10%         1
 Airstrike                Air            9%         2d(2-18)  17%         4
 Inner Flame              Hex/Fire       7%         N/A       30%         3
 Flame Wave               Conj/Fire      8%         2d5       61%         4
 Sticky Flame             Conj/Fire      8%         2d3       61%         4


Dungeon Overview and Level Annotations

Branches:
Dungeon (5/15)
 Temple: D:4-7

Altars:
Nemelex Xobeh
Wu Jian

Shops:
D:1 =


Innate Abilities, Weirdness & Mutations

You have very sharp teeth.
Your uncanny sense of smell can sniff out nearby items.
Your experience applies equally to all skills.


Message History

The lightning grounds out.
The orc is struck by an arc of lightning.
The orc is moderately wounded.
The white imp is struck by an arc of lightning.
The white imp is heavily wounded.
The orc is struck by an arc of lightning.
The orc is severely wounded.
The necrophage is struck by an arc of lightning.
The necrophage is moderately damaged.
The lightning grounds out.
The orc priest begins to cast a cantrip, but forgets the words!
The white imp hits you but does no damage.
The necrophage hits you.
* * * LOW HITPOINT WARNING * * *
The orc barely misses you.
Casting: Static Discharge (safe; 4% risk of failure)
Confirm with . or Enter, or press ? or * to list all spells.
The orc is struck by an arc of lightning.
You kill the orc!
The white imp is struck by an arc of lightning.
You kill the white imp!
You are struck by an arc of lightning.
* * * LOW HITPOINT WARNING * * *
The orc is struck by an arc of lightning.
You kill the orc!
The lightning grounds out.
The necrophage is struck by an arc of lightning.
The necrophage is heavily damaged.
The orc is struck by an arc of lightning.
The orc is heavily wounded.
The lightning grounds out.
The necrophage hits you but does no damage.
The orc priest closely misses you.
It was a potion of might.
You feel very mighty all of a sudden. The necrophage hits you.
* * * LOW HITPOINT WARNING * * *
You feel drained.
The orc priest hits you with a +0 flail.
You die...

.. .######..
#....##..
####?...##.#
........##.#
#.....##.###
#......#.(.
+.)o...#.####
#.o@##......# #
#..[..n)#######.#
###.# ..#....##
#.##....# .....##
#....##### ....#
##.#.....# #.##
######.......# #
#......#.....# ##
#.............
#..#....###.....#


You could see a necrophage, an orc priest and an orc.

Vanquished Creatures
  Jessica (D:1)
  5 adders
  A shadow imp (D:5)
  A white imp (D:5)
  A dart slug (D:1)
  10 orcs
  4 bats
  2 endoplasms (D:1)
  A giant cockroach (D:1)
  7 hobgoblins
  6 jackals (D:3)
  3 kobolds
  2 quokkas
  7 ball pythons
  2 frilled lizards
  5 goblins
  5 rats
63 creatures vanquished.

Notes
Turn   | Place    | Note
-------+----------+-------------------------------------------
     0 | D:1      | epen the Gnoll Air Elementalist began the quest for the
                  | Orb.
     0 | D:1      | Reached XP level 1. HP: 13/13 MP: 6/6
   329 | D:1      | Reached XP level 2. HP: 19/19 MP: 5/7
   606 | D:1      | Found Heicuemi's Jewellery Shop.
   752 | D:2      | Noticed Jessica
   802 | D:1      | Killed Jessica
   803 | D:1      | Reached skill level 5 in Spellcasting
   803 | D:1      | Reached skill level 1 in Invocations
   803 | D:1      | Reached XP level 3. HP: 17/25 MP: 5/9
   882 | D:2      | You fall into a shaft and drop 2 floors!
   898 | D:4      | Found an ornate altar of the Wu Jian Council.
   905 | D:4      | Reached skill level 1 in Fighting
   905 | D:4      | Reached skill level 1 in Short Blades
   905 | D:4      | Reached skill level 1 in Long Blades
   905 | D:4      | Reached skill level 1 in Axes
   905 | D:4      | Reached skill level 1 in Maces & Flails
   905 | D:4      | Reached skill level 1 in Polearms
   905 | D:4      | Reached skill level 1 in Staves
   905 | D:4      | Reached skill level 1 in Ranged Weapons
   905 | D:4      | Reached skill level 1 in Throwing
   905 | D:4      | Reached skill level 1 in Armour
   905 | D:4      | Reached skill level 1 in Shields
   905 | D:4      | Reached skill level 1 in Unarmed Combat
   905 | D:4      | Reached skill level 1 in Evocations
   913 | D:4      | Learned a level 2 spell: Static Discharge
   985 | D:3      | Reached XP level 4. HP: 23/32 MP: 6/11
  1225 | D:3      | Found a sparkling altar of Nemelex Xobeh.
  1501 | D:3      | Reached skill level 1 in Hexes
  1501 | D:3      | Reached skill level 1 in Summonings
  1501 | D:3      | Reached skill level 1 in Necromancy
  1501 | D:3      | Reached skill level 1 in Translocations
  1501 | D:3      | Reached skill level 1 in Transmutations
  1501 | D:3      | Reached skill level 1 in Fire Magic
  1501 | D:3      | Reached skill level 1 in Ice Magic
  1501 | D:3      | Reached skill level 1 in Earth Magic
  1501 | D:3      | Reached skill level 1 in Poison Magic
  2272 | D:2      | Reached XP level 5. HP: 37/37 MP: 12/12
  2350 | D:4      | Noticed a two-headed ogre
  2551 | D:5      | Entered Level 5 of the Dungeon
  2773 | D:5      | Slain by an orc priest

Illustrated notes

Levels and vault maps discovered:
D:1:      dreamdust_arrival_beginning_and_end, layout_loops_ring, serial_shops,
          shop, nicolae_concentric_dashed_squares_wild
D:2:      layout_basic, guppyfry_early_orc_mine, uniq_jessica
D:3:      layout_basic, nemelex_spade_bored_becter, serial_glass,
          glass_columns_a, glass_columns_a, glass_columns_a, dk_vineyard_1
D:4:      layout_loops_cross, mainiacjoe_overflow_brackets,
          minmay_temple_entry_proselytizer, kennysheep_generic_room_11
D:5:      layout_basic, marbit_many_paths, trog_three_pillars_becter,
          mainiacjoe_overflow_two_lobes, serial_corexii_hall,
          chequers_hall_statues_corner_a, corexii_hall_statues_l

Skill      XL: |  1  2  3  4 |
---------------+-------------+-----
Conjurations   | 2 |  2.4
Spellcasting   | 5 |  5.2
Invocations    | 1 |  1.8
Fighting       | 1 |  1.6
Short Blades   | 1 |  1.6
Long Blades    | 1 |  1.6
Axes           | 1 |  1.6
Maces & Flails | 1 |  1.6
Polearms       | 1 |  1.6
Staves         | 1 |  1.6
Ranged Weapons | 1 |  1.6
Throwing       | 1 |  1.6
Armour         | 1 |  1.6
Shields        | 1 |  1.6
Unarmed Combat | 1 |  1.6
Evocations     | 1 |  1.6
Hexes          | 1 |  1.2
Summonings     | 1 |  1.2
Necromancy     | 1 |  1.2
Translocations | 1 |  1.2
Transmutations | 1 |  1.2
Fire Magic     | 1 |  1.2
Ice Magic      | 1 |  1.2
Earth Magic    | 1 |  1.2
Poison Magic   | 1 |  1.2
Dodging        | |  4.8
Stealth        | |  4.4
Air Magic      | |  5.5

Action                   |  1- 3 |  4- 6 || total
-------------------------+-------+-------++-------
Melee: Unarmed           |     4 |       ||     4
       Dagger            |     8 |    83 ||    91
       Bite              |     1 |     8 ||     9
       Punch             |       |     1 ||     1
 Cast: Shock             |    19 |       ||    19
       Static Discharge  |     2 |     9 ||    11
  Use: Potion            |       |     1 ||     1
 Stab: Sleeping          |     4 |    10 ||    14
       Distracted        |       |     1 ||     1
Armor: Robe              |     4 |     9 ||    13
Dodge: Dodged            |    14 |    66 ||    80

Table legend: (Time is in decaauts)
 A = Elapsed time spent in this place.
 B = Non-inter-level travel time spent in this place.
 C = Inter-level travel time spent in this place.
 D = Time resting spent in this place.
 E = Time spent auto-exploring this place.
 F = Levels seen in this place.
 G = Mean time per level.
                   A        B        C        D        E       F      G
               +--------+--------+--------+--------+--------+-----+--------+
         Total |   2769 |   2678 |     91 |    136 |   2085 |   5 |  553.8 |
       Dungeon |   2769 |   2678 |     91 |    136 |   2085 |   5 |  553.8 |
               +--------+--------+--------+--------+--------+-----+--------+

Top non-repeatable levels by time:
     D:1: 799 daAuts
     D:3: 776 daAuts
     D:2: 748 daAuts
     D:4: 223 daAuts
     D:5: 220 daAuts
